 Dungeon Crawl Stone Soup version 0.22-a0-292-g0df9d5f (webtiles) character file.

189 Amnesiac the Conjurer (level 5, -9/29 HPs)
             Began as a Tengu Wizard on Mar 23, 2018.
             Mangled by vishdafish's ghost (15 damage)
             ... on level 3 of the Dungeon.
             The game lasted 00:03:32 (2502 turns).

Amnesiac the Conjurer (Tengu Wizard)                Turns: 2502, Time: 00:03:33

Health: -9/29      AC:  2    Str:  7    XL:     5   Next: 68%
Magic:  5/19       EV: 14    Int: 20    God:
Gold:   106        SH:  0    Dex: 12    Spells: 1/10 levels left

rFire    . . .     SeeInvis .   o - +1 spear (pierce)
rCold    . . .     Gourm    .   (no shield)
rNeg     . . .     Faith    .   a - +0 robe
rPois    .         Spirit   .   b - +0 hat
rElec    .         Reflect  .   (no cloak)
rCorr    .         Harm     .   (no gloves)
MR       .....                  (boots unavailable)
Stlth    ++........             (no amulet)
HPRegen  0.09/turn              e - +1 ring of evasion
MPRegen  0.16/turn              j - ring of magical power

@: very slightly contaminated
A: beak, talons 3, able to fly 1
a: Fly


You were on level 3 of the Dungeon.
You were not hungry.

You visited 1 branch of the dungeon, and saw 3 of its levels.

You collected 106 gold pieces.

Inventory:

Hand Weapons
 o - a +1 spear of piercing (weapon)
Armour
 a - a +0 robe (worn)
 b - a +0 hat (worn)
Jewellery
 e - a +1 ring of evasion (left hand)
 j - a ring of magical power (right hand)
Scrolls
 g - 2 scrolls of amnesia {!r, unknown}
 h - a scroll of identify {!r, unknown}
 k - a scroll of remove curse {!r, unknown}
 l - a scroll of teleportation {!r, unknown}
Potions
 c - 2 potions of lignification {!q, unknown}
 i - a potion of curing {!q, unknown}
 m - a potion of magic {!q, unknown}
 n - 2 potions of agility {!q, unknown}
Comestibles
 d - 3 rations
 f - 10 chunks of flesh


   Skills:
 + Level 1.1 Fighting
 * Level 3.2 Dodging
 - Level 2.0 Stealth
 - Level 3.0 Spellcasting
 - Level 6.2 Conjurations
 - Level 1.2 Summonings
   Level 0.7 Translocations


You had one spell level left.
You knew the following spells:

 Your Spells              Type           Power        Failure   Level  Hunger
a - Magic Dart            Conj           ####         1%          1    None
b - Call Imp              Summ           #.......     13%         2    ##.....
e - Mephitic Cloud        Conj/Pois/Air  ##......     19%         3    ###....
s - Conjure Flame         Conj/Fire      ###.....     12%         3    ###....


Dungeon Overview and Level Annotations

Branches:
Dungeon (3/15)

Altars:
Xom
Zin

Annotations:
D:3 vishdafish's ghost, amateur GrFi


Innate Abilities, Weirdness & Mutations

You have a beak for a mouth.
You have claws for feet.
You can fly.


Message History

Confirm with . or Enter, or press ? or * to list all spells.
A beastly little devil appears in a puff of flame.
Vishdafish's ghost hits you!
Vishdafish's ghost hits your crimson imp.
Casting: Call Imp (safe; 13% risk of failure)
Confirm with . or Enter, or press ? or * to list all spells.
You miscast Call Imp.
Nothing appears to happen.
Vishdafish's ghost hits your crimson imp.
Casting: Call Imp (safe; 13% risk of failure)
Confirm with . or Enter, or press ? or * to list all spells.
A beastly little devil appears in a puff of flame.
Vishdafish's ghost closely misses your crimson imp.
Attack whom?
Press: ? - help, Dir - move target cursor, f/p - vishdafish's ghost
Aim: vishdafish's ghost (moderately damaged)
You reach to attack!
You hit vishdafish's ghost but do no damage.
Vishdafish's ghost is moderately damaged.
Vishdafish's ghost closely misses your crimson imp.
Attack whom?
Press: ? - help, Dir - move target cursor, f/p - vishdafish's ghost
Aim: vishdafish's ghost (moderately damaged)
You reach to attack!
You closely miss vishdafish's ghost.
Vishdafish's ghost is moderately damaged.
Vishdafish's ghost stares at you.
Vishdafish's ghost completely misses your crimson imp.
Attack whom?
Press: ? - help, Dir - move target cursor, f/p - vishdafish's ghost
Aim: vishdafish's ghost (moderately damaged)
You reach to attack!
You hit vishdafish's ghost.
Vishdafish's ghost is moderately damaged.
Your crimson imp disappears in a puff of smoke!
Vishdafish's ghost hits your crimson imp!
Your crimson imp dies!
Your crimson imp blinks!
Attack whom?
Press: ? - help, Dir - move target cursor, f/p - vishdafish's ghost
Aim: vishdafish's ghost (moderately damaged)
You reach to attack!
You hit vishdafish's ghost but do no damage.
Vishdafish's ghost is moderately damaged.
Your crimson imp blinks!
Vishdafish's ghost hits you!
* * * LOW HITPOINT WARNING * * *
You swap places.
Vishdafish's ghost hits your crimson imp!
Your crimson imp dies!
Vishdafish's ghost turns its malevolent gaze towards you.
Vishdafish's ghost shrieks, "You will join me soon!"
Casting: Call Imp (safe; 13% risk of failure)
Confirm with . or Enter, or press ? or * to list all spells.
A beastly little devil appears in a puff of flame.
Vishdafish's ghost hits you.
* * * LOW HITPOINT WARNING * * *
Vishdafish's ghost whispers, "Trust me.
Just give in."
Your crimson imp blinks!
Found a stone staircase leading down.
Your crimson imp blinks!
Vishdafish's ghost barely misses your crimson imp.
Your crimson imp disappears in a puff of smoke!
There is a stone staircase leading up here.
Vishdafish's ghost hits you!
Ouch! That really hurt!
You die...

.............####...##.......## #
..........#.....##.###........#
..........#.....#8.8##.......####
......................#..........
................#8.8#.#.......###
................##.##.........#
..............................#
.......####.....W#............#
.......# #.....@#.###..#######
.####### ########.# #....#
.####### #.# ##.#.# .......# #..
.#.# .#####.# ### ># # ....#
..#.# ###.# #[..#


You could see vishdafish's ghost.

Vanquished Creatures
  An ogre (D:2)
  4 adders
  5 worms
  2 dart slugs
  A leopard gecko (D:2)
  An orc (D:3)
  2 giant cockroaches
  7 goblins
  8 hobgoblins
  A quokka (D:3)
  6 bats
  2 frilled lizards (D:2)
  7 kobolds
  7 rats
54 creatures vanquished.

Vanquished Creatures (collateral kills)
  An adder (D:2)
1 creature vanquished.

Grand Total: 55 creatures vanquished

Notes
Turn   | Place    | Note
-------+----------+-------------------------------------------
     0 | D:1      | Amnesiac the Tengu Wizard began the quest for the Orb.
     0 | D:1      | Reached XP level 1. HP: 10/10 MP: 5/5
    89 | D:1      | Reached skill level 2 in Conjurations
   220 | D:1      | Reached XP level 2. HP: 15/15 MP: 4/7
   272 | D:1      | Reached skill level 3 in Conjurations
   615 | D:2      | Learned a level 2 spell: Call Imp
   796 | D:2      | Reached XP level 3. HP: 19/19 MP: 0/8
   801 | D:2      | Learned a level 3 spell: Mephitic Cloud
   885 | D:2      | Reached skill level 4 in Conjurations
  1075 | D:2      | Noticed an ogre
  1091 | D:2      | Killed an ogre
  1091 | D:2      | Reached skill level 6 in Conjurations
  1091 | D:2      | Reached XP level 4. HP: 24/24 MP: 0/9
  1091 | D:2      | Gained mutation: You can fly. [Tengu growth]
  1091 | D:2      | Reached XP level 5. HP: 28/28 MP: 0/10
  1536 | D:2      | Learned a level 3 spell: Conjure Flame
  1542 | D:2      | Found a shimmering altar of Xom.
  2190 | D:3      | Reached skill level 1 in Fighting
  2232 | D:3      | Found a glowing silver altar of Zin.
  2233 | D:3      | Noticed vishdafish's ghost (amateur GrFi)
  2256 | D:3      | Found a faded altar of an unknown god.
  2502 | D:3      | Mangled by vishdafish's ghost

Vault maps used:
D:1:      nicolae_arrival_washed_ashore
D:2:      minmay_statues_item, xom_teletrap_fun
D:3:      zin_scriptorium, chequers_ecumenical_altar_simple_redux,
          small_statue_intersection

Skill      XL: |  1  2  3  4  5 |
---------------+----------------+-----
Conjurations   | 2 3 6 |  6.2
Fighting       | 1 |  1.1
Dodging        | 3 |  3.2
Stealth        | |  2.0
Spellcasting   | |  3.0
Summonings     | |  1.2
Translocations | |  0.7

Action                   |  1- 3 |  4- 6 || total
-------------------------+-------+-------++-------
Melee: Unarmed           |     5 |     6 ||    11
       Kick              |     1 |     1 ||     2
       Peck              |     1 |     1 ||     2
       Spear             |       |     6 ||     6
 Cast: Magic Dart        |    60 |    77 ||   137
       Call Imp          |     1 |     9 ||    10
  Eat: Chunk             |       |     5 ||     5
Armor: Robe              |     3 |     3 ||     6
Dodge: Dodged            |    15 |    16 ||    31

Table legend:
 A = Spawn XP
 B = Non-spawn XP
 C = Spawn XP percentage of total XP
 D = Spawn monster count
 E = Non-spawn monster count
 F = Spawn count percentage of total count
 G = Total turns spent on level
                    A         B        C        D         E        F      G
               +---------+---------+-------+---------+---------+-------+---------
         Total |       0 |     271 |   0.0 |       0 |      55 |   0.0 |  2502
               +---------+---------+-------+---------+---------+-------+---------
           D:1 |       0 |      24 |   0.0 |       0 |      13 |   0.0 |   674
           D:2 |       0 |     189 |   0.0 |       0 |      22 |   0.0 |  1252
           D:3 |       0 |      58 |   0.0 |       0 |      20 |   0.0 |   576
               +---------+---------+-------+---------+---------+-------+---------
